 Dungeon Crawl Stone Soup version 0.31-a0-986-g5e6e4ef867 (webtiles) character file.

Game seed: 5231563021968625606

2684 Pooter the Grappler (level 9, -8/89 HPs)
             Began as a Troll Berserker on Nov 18, 2023.
             Was an Elder of Trog.
             Mangled by Erica
             ... wielding a +2 scimitar of flaming
              (10 damage)
             ... on level 8 of the Dungeon.
             The game lasted 00:30:47 (6176 turns).

Pooter the Grappler (Troll Berserker)               Turns: 6176, Time: 00:30:47

Health: -8/89      AC:  4    Str: 29    XL:     9   Next: 37%
Magic:  0/8        EV: 10    Int:  5    God:    Trog [****..]
Gold:   369        SH:  0    Dex:  9    Spells: 8/8 levels left

rFire   . . .        b - +0 shortbow
rCold   + . .        (shield currently unavailable)
rNeg    . . .        a - +0 animal skin
rPois   +            (helmet restricted)
rElec   .            (no cloak)
rCorr   .            (gloves unavailable)
SInv    .            (boots unavailable)
Will    .....        G - amulet of guardian spirit
Stlth   +            I - ring of protection from cold
HPRegen 1.14/turn    P - ring of poison resistance
MPRegen 0.11/turn

%: guardian spirit
@: lethally poisoned (-8 -> -13), slowed, very slow
A: large, unfitting armour, claws 3, regeneration 1, shaggy fur 1, tough skin 1
a: Renounce Religion, Berserk, Trog's Hand, Brothers in Arms


You were on level 8 of the Dungeon.
You worshipped Trog.
Trog was greatly pleased with you.
You visited 1 branch of the dungeon, and saw 8 of its levels.

You collected 474 gold pieces.
You spent 105 gold pieces at shops.

Inventory:

Hand Weapons
 b - a +0 shortbow (weapon)
   (You took it off a centaur on level 5 of the Dungeon)
 x - a +0 sling
   (You took it off a goblin on level 4 of the Dungeon)
Missiles
 n - 5 boomerangs
 w - a large rock
 z - 5 poisoned darts
 B - 2 throwing nets {!f}
 Q - 64 stones
Armour
 a - a +0 animal skin (worn)
Jewellery
 o - a ring of magical power
   (You found it on level 1 of the Dungeon)
 G - an amulet of guardian spirit (around neck)
   (You found it on level 8 of the Dungeon)
 I - a ring of protection from cold (left claw)
   (You found it on level 2 of the Dungeon)
 P - a ring of poison resistance (right claw)
   (You found it on level 8 of the Dungeon)
Wands
 f - a wand of flame (17)
   (You found it on level 6 of the Dungeon)
Scrolls
 c - 3 scrolls of noise {!r}
 d - a scroll of summoning {unknown}
 j - a scroll of blinking
 l - a scroll of fog
 m - 2 scrolls of immolation {!r}
 r - 2 scrolls of enchant armour
 t - a scroll of teleportation {@r4}
 v - a scroll of enchant weapon
 y - a scroll of vulnerability {unknown}
 A - a scroll of torment {unknown}
Potions
 e - 2 potions of ambrosia
 g - 4 potions of attraction {!q}
 h - 4 potions of lignification {!q}
 k - a potion of might {unknown}
 p - a potion of heal wounds {unknown}
 q - 2 potions of cancellation
 s - 4 potions of curing {@q1}
 u - a potion of haste {@q3}
 C - a potion of brilliance {unknown}


   Skills:
 + Level 5.7 Fighting
 * Level 3.9 Ranged Weapons
 + Level 3.1 Throwing
 - Level 2.4 Dodging
 * Level 9.4 Unarmed Combat


You had 8 spell levels left.
You didn't know any spells.
Your spell library was empty.

Dungeon Overview and Level Annotations

Branches:
Dungeon (8/15) Zot: 26755  Temple (0/1) D:7
   Lair: D:8-11

Altars:
Ashenzari
Elyvilon
Fedhas
Gozag
Hepliaklqana
Ru
Yredelemnul

Shops:
D:5 *

Annotations:
D:8 Erica


Innate Abilities, Weirdness & Mutations

You are too large for most types of armour.
You have claws for hands.
Your natural rate of healing is unusually fast.
You are covered in fur. (AC +1)
You have tough skin. (AC +1)


Message History

You resist.
You continue putting on your amulet of guardian spirit.
You feel very sick.
You continue putting on your amulet of guardian spirit.
You feel very sick. Something hits you! Something burns you.
Something hits you. Something burns you.
You continue putting on your amulet of guardian spirit.
You feel very sick.
You hear some strange, mumbled words.
A bolt of poison appears from out of thin air!
The bolt of poison hits you.
You are more poisoned.
You resist.
You finish putting on your amulet of guardian spirit.
You feel your power drawn to a protective spirit.
G - an amulet of guardian spirit (around neck) Throw: 3 large rocks
Press: ? - help, Shift-Dir - straight line You throw a large rock.
You feel extremely sick.
You hear some strange, mumbled words.
A bolt of poison appears from out of thin air!
The bolt of poison hits you.
You are more poisoned.
You resist.
* * * LOW HITPOINT WARNING * * *
Something hits you!
* * * LOW HITPOINT WARNING * * *
Something burns you.
* * * LOW HITPOINT WARNING * * *
Something hits you!
* * * LOW HITPOINT WARNING * * *
Something burns you.
* * * LOW HITPOINT WARNING * * *
Throw: 2 large rocks
Press: ? - help, Shift-Dir - straight line You throw a large rock.
* * * LOW HITPOINT WARNING * * *
You feel extremely sick. Something hits you!
* * * LOW MAGIC WARNING * * *
* * * LOW HITPOINT WARNING * * *
Something burns you.
* * * LOW HITPOINT WARNING * * *
Something hits you!
* * * LOW MAGIC WARNING * * *
You die...

#.... #.#
##....# #.#
..(.... ##.##
### .......
...#... .....
###..#.# #. ...
......#
#...#{####..#.#
#....@.....#.#
####.#####.#.#
... #.#.# #.##
#.#.# #. #...#
# ###.# #.# #.#
#.# #.# #.# #.#


There were no monsters in sight!

Vanquished Creatures
  Grinder (D:6)
  Sigmund (D:4)
  Menkaure (D:4)
  3 water moccasins
  An orc warrior (D:6)
  2 ice beasts (D:6)
  A black bear (D:7)
  2 ogres
  A centaur (D:5)
  A kobold brigand (D:6)
  4 scorpions
  A bullfrog zombie (D:6)
  5 hounds
  2 orc priests
  2 jellies
  An iguana (D:6)
  6 orc wizards
  2 sleepcaps
  Natasha (thrice) (D:2)
  A howler monkey zombie (D:6)
  Robin (D:4)
  9 adders
  8 gnolls
  4 ufetubi (D:6)
  2 dart slugs
  3 worms (D:3)
  27 orcs
  3 ball pythons
  6 endoplasms
  4 giant cockroaches
  17 goblins
  7 hobgoblins
  2 jackals (D:3)
  6 kobolds
  7 quokkas
  5 bats (D:1)
  4 frilled lizards
  8 rats
164 creatures vanquished.

Notes
Turn   | Place    | Note
-------+----------+-------------------------------------------
     0 | D:1      | Pooter the Troll Berserker began the quest for the Orb.
     0 | D:1      | Reached XP level 1. HP: 22/22 MP: 0/0
   108 | D:1      | Found a faded altar of an unknown god.
   145 | D:1      | Reached XP level 2. HP: 29/29 MP: 1/1
   507 | D:2      | Noticed Natasha
   516 | D:2      | Killed Natasha
   517 | D:2      | Reached skill level 4 in Unarmed Combat
   517 | D:2      | Reached XP level 3. HP: 25/37 MP: 2/2
   553 | D:2      | Reached ** piety under Trog
   578 | D:2      | Reached XP level 4. HP: 36/45 MP: 3/3
   774 | D:2      | Noticed Natasha
   788 | D:2      | Killed Natasha
   789 | D:2      | Reached skill level 5 in Unarmed Combat
   789 | D:2      | Reached XP level 5. HP: 51/53 MP: 4/4
   846 | D:2      | Noticed Natasha
   857 | D:2      | Killed Natasha
  1777 | D:3      | Found a white marble altar of Elyvilon.
  2069 | D:4      | Noticed Robin
  2069 | D:4      | Noticed Sigmund
  2071 | D:4      | Reached *** piety under Trog
  2071 | D:4      | Killed Sigmund
  2071 | D:4      | Killed Robin
  2072 | D:4      | Reached skill level 6 in Unarmed Combat
  2072 | D:4      | Reached XP level 6. HP: 44/62 MP: 5/5
  2184 | D:4      | Noticed a water moccasin
  2190 | D:4      | Killed a water moccasin
  2191 | D:4      | Reached XP level 7. HP: 60/71 MP: 6/6
  2471 | D:4      | Noticed Menkaure
  2478 | D:4      | Killed Menkaure
  2479 | D:4      | Reached skill level 1 in Ranged Weapons
  2479 | D:4      | Reached skill level 7 in Unarmed Combat
  2572 | D:5      | Entered Level 5 of the Dungeon
  2798 | D:5      | Found Lemeeh's Luxury Loot.
  2847 | D:5      | Reached **** piety under Trog
  2855 | D:5      | Bought a potion of lignification for 42 gold pieces
  2855 | D:5      | Bought 3 large rocks for 63 gold pieces
  2900 | D:5      | Reached XP level 8. HP: 56/79 MP: 7/7
  2975 | D:5      | Reached skill level 1 in Throwing
  3044 | D:5      | Reached skill level 5 in Fighting
  3044 | D:5      | Reached skill level 8 in Unarmed Combat
  3119 | D:5      | Found an opulent altar of Gozag.
  3922 | D:5      | Found a blossoming altar of Fedhas.
  3960 | D:5      | Found a sacrificial altar of Ru.
  4403 | D:6      | Found a hazy altar of Hepliaklqana.
  4473 | D:6      | Noticed Grinder
  4480 | D:6      | Killed Grinder
  4481 | D:6      | Reached XP level 9. HP: 88/88 MP: 8/8
  4500 | D:6      | Reached skill level 9 in Unarmed Combat
  4770 | D:6      | Found a broken altar of Ashenzari.
  4842 | D:6      | Found a basalt altar of Yredelemnul.
  5520 | D:7      | Found a staircase to the Ecumenical Temple.
  6167 | D:8      | Noticed Erica
  6176 | D:8      | HP: 4/89 [something (7)]
  6176 | D:8      | Mangled by Erica

Illustrated notes

Levels and vault maps discovered:
D:1:      dpeg_arrival_tiny_k, layout_rooms, basic_ecumenical_altar,
          minmay_tromino_mix6
D:2:      layout_rooms, serial_bayou, serial_bayou_pond_c, serial_bayou_pond_c,
          serial_bayou_pond_b, serial_bayou_shore_b, uniq_natasha
D:3:      layout_basic, nicolae_elyvilon_temple_path, minmay_misc_feat_rugged,
          minmay_tree_intersection, hangedman_decor_growths, due_unseen_surprise
D:4:      layout_basic, minivault_27, feat_on_display, uniq_sigmund, uniq_robin,
          uniq_menkaure
D:5:      layout_layer_cave, fedhas_altar_decomposition,
          nicolae_gozag_cash_rules_everything_around_me,
          mainiacjoe_overflow_surrounded_room, nicolae_alphabet_shops
D:6:      layout_loops_ring, worldfamousw_hep_ancestral_shrine,
          mainiacjoe_overflow_24_doors, lemuel_zombie_altar_yredelemnul,
          hangedman_decor_opposing, uniq_grinder
D:7:      layout_loops_cross, minmay_temple_entry_arrows
D:8:      layout_loops_ring, amcnicky_altar_gilded, david_lair_generic,
          uniq_erica

Skill      XL: |  1  2  3  4  5  6  7  8  9 |
---------------+----------------------------+-----
Fighting       | 3 4 5 |  5.7
Unarmed Combat | 4 5 6 7 8 9 |  9.4
Ranged Weapons | 1 3 |  3.9
Throwing       | 2 3 |  3.1
Dodging        | |  2.4

Action                     |  1- 3 |  4- 6 |  7- 9 || total
---------------------------+-------+-------+-------++-------
  Melee: Unarmed           |    86 |    95 |   150 ||   331
         Punch             |     2 |     3 |     4 ||     9
   Fire: Sling             |       |     8 |    40 ||    48
         Shortbow          |       |       |    73 ||    73
  Throw: Stone             |       |    12 |       ||    12
         Large rock        |       |       |    13 ||    13
         Boomerang         |       |       |    11 ||    11
  Evoke: Wand              |       |       |     2 ||     2
    Use: Scroll            |     4 |     1 |     8 ||    13
 Armour: Animal skin       |    54 |    46 |   141 ||   241
  Dodge: Dodged            |    40 |    41 |   100 ||   181

Table legend: (Time is in decaauts)
 A = Elapsed time spent in this place.
 B = Non-inter-level travel time spent in this place.
 C = Inter-level travel time spent in this place.
 D = Time resting spent in this place.
 E = Time spent auto-exploring this place.
 F = Levels seen in this place.
 G = Mean time per level.
                   A        B        C        D        E       F      G
               +--------+--------+--------+--------+--------+-----+--------+
         Total |   6160 |   5994 |    166 |    636 |   4177 |   8 |  770.0 |
       Dungeon |   6160 |   5994 |    166 |    636 |   4177 |   8 |  770.0 |
               +--------+--------+--------+--------+--------+-----+--------+

Top non-repeatable levels by time:
     D:5: 1596 daAuts
     D:6: 1079 daAuts
     D:3: 976 daAuts
     D:7: 667 daAuts
     D:4: 610 daAuts
     D:2: 539 daAuts
     D:1: 448 daAuts
     D:8: 242 daAuts
